 Dungeon Crawl Stone Soup version 0.28.0-49-g6dfe1f597d (webtiles) character file.

Game seed: 4054321886385420138

85 firemarshallily the Digger (level 4, -7/24 HPs)
             Began as a Gargoyle Earth Elementalist on May 17, 2022.
             Was an Initiate of Hepliaklqana.
             Mangled by Sigmund
             ... wielding a +0 scythe
              (11 damage)
             ... on level 3 of the Dungeon.
             The game lasted 00:12:56 (2916 turns).

firemarshallily the Digger (GrEE)                   Turns: 2916, Time: 00:12:57

Health: -7/24      AC:  6    Str: 11    XL:     4   Next: 48%
Magic:  8/8        EV: 12    Int: 18    God:    Hepliaklqana [......]
Gold:   89         SH:  0    Dex: 16    Spells: 1/9 levels left

rFire   . . .      SeeInvis .   o - +2 spear (venom)
rCold   + . .      Faith    .   (no shield)
rNeg    + . .      Spirit   .   b - +0 robe
rPois   ∞          Reflect  .   (no helmet)
rElec   +          Harm     .   q - +0 cloak
rCorr   .          Rampage  .   (no gloves)
Will    .....                   (no boots)
Stlth   +.........              m - amulet of the acrobat
HPRegen 0.08/turn               g - ring of protection from cold
MPRegen 0.11/turn               h - +6 ring of dexterity

@: confused, mighty
A: sickness immunity, AC +3, negative energy resistance 1, electricity
resistance, torment resistance 1, petrification resistance
a: Renounce Religion


You were on level 3 of the Dungeon.
You worshipped Hepliaklqana.
Hepliaklqana was noncommittal.
You visited 1 branch of the dungeon, and saw 3 of its levels.

You collected 89 gold pieces.

Inventory:

Hand Weapons
 e - a +0 short sword
 o - a +2 spear of venom (weapon)
Missiles
 c - 34 stones
 k - 5 poisoned darts
Armour
 b - a +0 robe (worn)
 i - a +0 leather armour
 q - a +0 cloak (worn)
Magical Staves
 f - a staff of fire
Jewellery
 g - a ring of protection from cold (left hand)
 h - a +6 ring of dexterity (right hand)
 m - an amulet of the acrobat (around neck)
Scrolls
 a - 4 scrolls of identify {unknown}
 j - 3 scrolls of teleportation {unknown}
 l - a scroll of holy word {unknown}
 n - a scroll of fear {unknown}
 r - a scroll of blinking {unknown}


   Skills:
 - Level 1.5 Dodging
 - Level 2.1 Stealth
 * Level 3.1 Spellcasting
 + Level 1.6 Conjurations
 - Level 0.7 Transmutations
 * Level 4.8 Earth Magic


You had one spell level left.
You knew the following spells:

 Your Spells              Type           Power      Damage    Failure   Level
a - Sandblast             Erth           40%        2d10      2%          1
b - Stone Arrow           Conj/Erth      28%        3d8       13%         3
c - Animate Skeleton      Necr           4%         N/A       16%         1
d - Shock                 Conj/Air       20%        1d4       12%         1
e - Passwall              Tmut/Erth      10%        N/A       8%          2

Your spell library contained the following spells:

 Spells                   Type           Power      Damage    Failure   Level
 Pain                     Necr           8%         1d4       16%         1
 Ensorcelled Hibernation  Hex/Ice        4%         N/A       24%         2
 Spider Form              Tmut/Pois      4%         N/A       38%         3
 Swiftness                Air            2%         N/A       43%         3
 Vampiric Draining        Necr           2%         2d6       43%         3
 Petrify                  Tmut/Erth      12%        N/A       45%         4
 Airstrike                Air            1%         N/A       85%         4
 Anguish                  Hex/Necr       1%         N/A       85%         4


Dungeon Overview and Level Annotations

Branches:
Dungeon (3/15)

Altars:
Hepliaklqana
Ru
Trog
Uskayaw

Shops:
D:2 ?   D:3 (

Annotations:
D:3 Sigmund


Innate Abilities, Weirdness & Mutations

You are immune to sickness and miasma.
Your stone body is resilient. (AC +3)
You are immune to poison.
You resist negative energy. (rN+)
You are resistant to electric shocks. (rElec)
You are resistant to unholy torment.
You are immune to petrification.


Message History

You are confused.
It was a potion of ambrosia.
You are more confused.
You feel invigorated.
It was a potion of might.
You feel very mighty all of a sudden.
You start putting on your amulet.
You continue putting on your amulet of the acrobat. x4
You feel less invigorated.
Sigmund hits you from afar with a +0 scythe!
You continue putting on your amulet of the acrobat.
You finish putting on your amulet of the acrobat.
You feel ready to tumble and roll out of harm's way.
m - an amulet of the acrobat (around neck) Unknown command.
Sigmund says, "You will soon forget everything."
Sigmund completely misses you. Sigmund completely misses you.
You feel less confused.
Sigmund points at you and mumbles some strange words.
You are confused.
Sigmund casts a spell at you.
You are more confused.
You bump into the rock wall.
Sigmund gestures wildly while chanting.
Sigmund flickers and vanishes!
Deactivating autopickup; reactivate with Ctrl-A.
You hear some strange, mumbled words.
A magic dart appears from out of thin air!
The magic dart hits you.
You hit something. Something hits you!
* * * LOW HITPOINT WARNING * * *
You bump into the rock wall.
You closely miss something.
You hear some strange, mumbled words.
Something tries to affect you, but you resist.
Something barely misses you.
You closely miss something. Something hits you but does no damage.
You're too confused to move!
Something hits you!
You die...

##...## #.##..#### ####.....##
#.##.[# #.........# #.#...#
#.#.......# #.#.#.# #.#.......###
#.#.#.## ............# #....#.##
#.##....###.######..#.##.######.#
...............{...###.##.......#
#...............@...#....########
####..#####..............#
......# ######.........# ####.##
####...#### #. ########...# ##
...........# ############


There were no monsters in sight!

Vanquished Creatures
  3 gnolls (D:2)
  2 adders
  2 worms (D:3)
  3 ball pythons
  2 bats
  4 endoplasms
  2 giant cockroaches
  2 hobgoblins (D:2)
  A kobold (D:2)
  2 quokkas
  7 frilled lizards
  2 goblins
  4 rats
36 creatures vanquished.

Notes
Turn   | Place    | Note
-------+----------+-------------------------------------------
     0 | D:1      | firemarshallily the Gargoyle Earth Elementalist began the
                  | quest for the Orb.
     0 | D:1      | Reached XP level 1. HP: 10/10 MP: 3/3
   848 | D:1      | Reached XP level 2. HP: 15/15 MP: 3/5
   917 | D:1      | Reached skill level 4 in Earth Magic
  1352 | D:2      | Reached skill level 1 in Conjurations
  1352 | D:2      | Reached XP level 3. HP: 19/19 MP: 1/6
  1911 | D:2      | Found a faded altar of an unknown god.
  1920 | D:2      | Prayed at the altar of an unknown god.
  1920 | D:2      | Became a worshipper of Ru the Awakened
  1921 | D:2      | Fell from the grace of Ru
  2056 | D:2      | Found Conk's Magic Scroll Shoppe.
  2133 | D:2      | Reached XP level 4. HP: 18/24 MP: 3/8
  2319 | D:3      | Found a hide-covered altar of Uskayaw.
  2320 | D:3      | Found a bloodstained altar of Trog.
  2320 | D:3      | Found a hazy altar of Hepliaklqana.
  2333 | D:3      | Became a worshipper of Hepliaklqana the Forgotten
  2421 | D:3      | Found Ditz's Weapon Shoppe.
  2436 | D:3      | Learned a level 3 spell: Stone Arrow
  2438 | D:3      | Learned a level 1 spell: Animate Skeleton
  2440 | D:3      | Learned a level 1 spell: Shock
  2443 | D:3      | Learned a level 2 spell: Passwall
  2884 | D:3      | Noticed Sigmund
  2916 | D:3      | Mangled by Sigmund

Illustrated notes

Levels and vault maps discovered:
D:1:      dpeg_arrival_circle_labyrinth_c, layout_loops_cross
D:2:      layout_basic, shapermc_ecumenical_altar_notcrosses, serial_shops,
          shop_fountains
D:3:      layout_loops_ring, grunt_temple_overflow_order_and_chaos_2,
          grunt_temple_overflow_open, serial_shops,
          nicolae_shop_bloodbath_and_beyond, uniq_sigmund

Skill      XL: |  1  2  3  4 |
---------------+-------------+-----
Earth Magic    | 4 |  4.8
Conjurations   | 1 |  1.6
Spellcasting   | 3 |  3.1
Dodging        | |  1.5
Stealth        | |  2.1
Transmutations | |  0.7

Action                   |  1- 3 |  4- 6 || total
-------------------------+-------+-------++-------
Melee: Short sword       |     1 |       ||     1
       Spear             |     3 |     4 ||     7
       Glaive            |     1 |       ||     1
 Cast: Sandblast         |    36 |    20 ||    56
       Animate Skeleton  |       |     2 ||     2
Invok: Renounce Religion |     1 |       ||     1
  Use: Potion            |       |     2 ||     2
 Stab: Sleeping          |     1 |       ||     1
Armor: Robe              |     1 |     2 ||     3
Dodge: Dodged            |     9 |     8 ||    17
